 Dungeon Crawl Stone Soup version 0.28.0-53-g5a82cb258f (webtiles) character file.

Game seed: 11567635841940922558

21 Ashen the Magician (level 2, 0/20 HPs)
             Began as a Mummy Fire Elementalist on July 9, 2022.
             Slain by a jackal (2 damage)
             ... on level 1 of the Dungeon.
             The game lasted 00:01:42 (532 turns).

Ashen the Magician (Mummy Fire Elementalist)         Turns: 532, Time: 00:01:43

Health: 0/20       AC:  2    Str: 11    XL:     2   Next: 62%
Magic:  4/5        EV: 12    Int: 14    God:
Gold:   58         SH:  0    Dex: 12    Spells: 5/6 levels left

rFire   x . .      SeeInvis .   (no weapon)
rCold   + . .      Faith    .   (no shield)
rNeg    + + +      Spirit   .   a - +0 robe
rPois   ∞          Reflect  .   (no helmet)
rElec   .          Harm     .   (no cloak)
rCorr   .          Rampage  .   (no gloves)
Will    .....                   (no boots)
Stlth   ++........              (no amulet)
HPRegen 0.06/turn               (no ring)
MPRegen 0.09/turn               (no ring)

@: no status effects
A: cold resistance 1, negative energy resistance 3, torment resistance 2, heat
vulnerability 1, no potions
a: no special abilities


You were on level 1 of the Dungeon.
You visited 1 branch of the dungeon, and saw 1 of its levels.

You collected 58 gold pieces.

Inventory:

Missiles
 d - 2 throwing nets
Armour
 a - a +0 robe (worn)
Scrolls
 b - 2 scrolls of identify {unknown}
 c - a scroll of teleportation {unknown}


   Skills:
 + Level 0.4 Fighting
 + Level 1.9 Dodging
 + Level 1.8 Stealth
 + Level 2.9 Spellcasting
 + Level 1.0 Conjurations
 + Level 2.5 Fire Magic


You had 5 spell levels left.
You knew the following spells:

 Your Spells              Type           Power      Damage    Failure   Level
a - Foxfire               Conj/Fire      28%        2x1d5     11%         1

Your spell library contained the following spells:

 Spells                   Type           Power      Damage    Failure   Level
 Scorch                   Fire           18%        2d5       12%         2
 Conjure Flame            Conj/Fire      7%         6-21      30%         3
 Inner Flame              Hex/Fire       5%         N/A       36%         3
 Flame Wave               Conj/Fire      7%         2d5       71%         4


Dungeon Overview and Level Annotations

Branches:
Dungeon (1/15)

Altars:


Innate Abilities, Weirdness & Mutations

You are immune to poison.
Your flesh is cold resistant. (rC+)
You are immune to negative energy. (rN+++)
You are immune to unholy pain and torment.
You are vulnerable to heat. (rF-)
You do not drink.


Message History

You barely miss the frilled lizard. The frilled lizard bites you.
You closely miss the frilled lizard. The frilled lizard barely misses you.
You barely miss the frilled lizard.
The frilled lizard completely misses you.
Casting: Foxfire (safe; 11% risk of failure)
Confirm with . or Enter, or press ? or * to list all spells.
Okay, then.
You miss the frilled lizard. The frilled lizard misses you.
You barely miss the frilled lizard. The frilled lizard barely misses you.
You barely miss the frilled lizard.
The frilled lizard bites you but does no damage.
You closely miss the frilled lizard. The frilled lizard closely misses you.
You miss the frilled lizard. The frilled lizard misses you.
You hit the frilled lizard.
You kill the frilled lizard!
The jackal barely misses you.
You closely miss the jackal. The jackal completely misses you.
You hit the jackal.
The jackal is lightly wounded.
The jackal closely misses you. The jackal barely misses you.
You hit the jackal but do no damage.
The jackal is lightly wounded.
The jackal bites you.
You closely miss the jackal.
The jackal is lightly wounded.
The jackal barely misses you. The jackal bites you.
* * * LOW HITPOINT WARNING * * *
You barely miss the jackal. The jackal bites you.
* * * LOW HITPOINT WARNING * * *
You hit the jackal.
The jackal is lightly wounded.
The jackal closely misses you.
You miss the jackal. You punch the jackal.
The jackal is almost dead.
The jackal barely misses you. The jackal bites you.
* * * LOW HITPOINT WARNING * * *
You hit the jackal.
You kill the jackal!
The jackal bites you.
You die...

#.# ##### ..### #.#
#...#
#......#.########.#.#
.#......#..........!.#
........##########...#
.8.⌠.8..##########...#
.....................#
.⌠._.⌠...##########..#
..........>.h@#....).#
.8.⌠.8.#.#.######.##.#
.........#.# #.##.#
########.#.# #.##.#
#.#.# #.##.#
#######.#.# #.##.#
#....##.#.#
#.##.######
#....##.#.#
#.##......#
####....##.#
##.##.##.#.##


You could see a jackal.

Vanquished Creatures
  3 ball pythons (D:1)
  2 bats (D:1)
  4 endoplasms (D:1)
  A giant cockroach (D:1)
  A goblin (D:1)
  A hobgoblin (D:1)
  3 jackals (D:1)
  2 frilled lizards (D:1)
  2 kobolds (D:1)
  A rat (D:1)
20 creatures vanquished.

Vanquished Creatures (others)
  27 foxfires (D:1)
27 creatures vanquished.

Grand Total: 47 creatures vanquished

Notes
Turn   | Place    | Note
-------+----------+-------------------------------------------
     0 | D:1      | Ashen the Mummy Fire Elementalist began the quest for the
                  | Orb.
     0 | D:1      | Reached XP level 1. HP: 13/13 MP: 4/4
   111 | D:1      | Reached skill level 1 in Conjurations
   111 | D:1      | Reached XP level 2. HP: 17/20 MP: 1/5
   194 | D:1      | Found the +7 Kryia's mail coat {PotionHeal*2 rC+}
   491 | D:1      | Found a faded altar of an unknown god.
   532 | D:1      | Slain by a jackal

Illustrated notes

Levels and vault maps discovered:
D:1:      kennysheep_arrival_forest, layout_basic,
          hellmonk_ecumenical_altar_dog_temple, serial_glass, glass_columns_c,
          glass_columns_a, due_unseen_surprise, item_on_display_a,
          minmay_strange_pillars, lemuel_another_geyser

Skill      XL: |  1 |
---------------+----+-----
Conjurations   | 1 |  1.0
Fighting       | |  0.4
Dodging        | |  1.9
Stealth        | |  1.8
Spellcasting   | |  2.9
Fire Magic     | |  2.5

Action                   || total
-------------------------++-------
Melee: Unarmed           ||    35
       Punch             ||     1
 Cast: Foxfire           ||    20
Armor: Robe              ||     7
Dodge: Dodged            ||    41
